SA
PONTIAC GODFATHERS @ GRIM REAPERS
05/09/2042
 
TOP OF THE 1ST
Pontiac Godfathers batting - Pitching for Grim Reapers : LHP Iban Wilson
Pitching: LHP Iban Wilson
Batting: LHB Mike Scott 0-0: Ball
1-0: Ball
2-0: Fly out, F7 (Flyball, 7, EV 88.8 MPH)
Batting: RHB Rich Pope 0-0: Called Strike
0-1: Ball
1-1: Called Strike
1-2: SINGLE (Flyball, 7S, EV 91.9 MPH)
Batting: RHB Nathan Bram 0-0: Called Strike
0-1: Swinging Strike
0-2: Ball
1-2: Ball
2-2: Strikes out swinging
Batting: RHB Mike O'Halloran 0-0: Ball
1-0: Ground out 4-3 (Groundball, 34D, EV 101.2 MPH)
Top of the 1st over - 0 runs, 1 hit, 0 errors, 1 left on base; Pontiac 0 - Grim 0
BOTTOM OF THE 1ST
Grim Reapers batting - Pitching for Pontiac Godfathers : RHP Laurent Schweitzer
Pitching: RHP Laurent Schweitzer
Batting: RHB Ron Lott 0-0: Fly out, F6 (Popup, 6MD, EV 47.5 MPH)
Batting: RHB Yataro Nagai 0-0: SOLO HOME RUN (Flyball, 78XD, EV 110.0 MPH), Distance : 421 ft
Batting: LHB Pielgrzym Myslajek 0-0: Swinging Strike
0-1: Ball
1-1: SOLO HOME RUN (Flyball, 9D, EV 88.8 MPH), Distance : 364 ft
Batting: RHB John Crosby 0-0: Called Strike
0-1: Swinging Strike
0-2: Ball
1-2: Strikes out swinging
Batting: RHB Getoff Mylawn 0-0: Ball
1-0: Swinging Strike
1-1: Called Strike
1-2: Strikes out swinging
Bottom of the 1st over - 2 runs, 2 hits, 0 errors, 0 left on base; Pontiac 0 - Grim 2
TOP OF THE 2ND
Pontiac Godfathers batting - Pitching for Grim Reapers : LHP Iban Wilson
Batting: LHB Brad Dyer 0-0: Fly out, F6 (Popup, 6M, EV 56.2 MPH)
Batting: RHB John Williams 0-0: Ball
1-0: Ball
2-0: Ball
3-0: Base on Balls
Batting: RHB Bonifacio Marmolejo 0-0: Called Strike
0-1: Ball
1-1: Called Strike
1-2: Strikes out swinging
Batting: LHB Nathaniel Gordon 0-0: Ball
1-0: Fly out, F7 (Flyball, 7LS, EV 98.1 MPH)
Top of the 2nd over - 0 runs, 0 hits, 0 errors, 1 left on base; Pontiac 0 - Grim 2
BOTTOM OF THE 2ND
Grim Reapers batting - Pitching for Pontiac Godfathers : RHP Laurent Schweitzer
Batting: LHB John Manley 0-0: Ball
1-0: Ball
2-0: Ground out 6-3 (Groundball, 6, EV 96.2 MPH)
Batting: RHB Joe Holmes 0-0: Foul Ball, location: 2F
0-1: Ball
1-1: Foul Ball, location: 2F
1-2: Strikes out swinging
Batting: SHB Danny Warner 0-0: Foul Ball, location: 2F
0-1: Ball
1-1: Swinging Strike
1-2: Foul Ball, location: 2F
1-2: Ball
2-2: Ball
3-2: Foul Ball, location: 2F
3-2: SINGLE (Line Drive, 4M, EV 100.0 MPH)
Batting: RHB Bao-tian Tong 0-0: SINGLE (Groundball, 34D, EV 100.6 MPH)
Danny Warner to second
Runner from 2nd tries for 3rd, SAFE, throw by RF made to third
Batting: RHB Ron Lott 0-0: Foul Ball, location: 2F
0-1: Foul Ball, location: 2F
0-2: Ball
1-2: Ball
2-2: Fly out, F8 (Flyball, 78D, EV 88.1 MPH)
Bottom of the 2nd over - 0 runs, 2 hits, 0 errors, 2 left on base; Pontiac 0 - Grim 2
TOP OF THE 3RD
Pontiac Godfathers batting - Pitching for Grim Reapers : LHP Iban Wilson
Batting: LHB David Graham 0-0: Ball
1-0: Foul Ball, location: 2F
1-1: Called Strike
1-2: Ball
2-2: Strikes out swinging
Batting: LHB Mike Scott 0-0: Ground out 4-3 (Groundball, 4, EV 86.2 MPH)
Batting: RHB Rich Pope 0-0: Ball
1-0: Foul Ball, location: 2F
1-1: Ball
2-1: Swinging Strike
2-2: Foul Ball, location: 2F
2-2: Ball
3-2: Foul Ball, location: 2F
3-2: Strikes out swinging
Top of the 3rd over - 0 runs, 0 hits, 0 errors, 0 left on base; Pontiac 0 - Grim 2
BOTTOM OF THE 3RD
Grim Reapers batting - Pitching for Pontiac Godfathers : RHP Laurent Schweitzer
Batting: RHB Yataro Nagai 0-0: Called Strike
0-1: Swinging Strike
0-2: Foul Ball, location: 7LSF, Error on foul ball, E7
0-2: Ball
1-2: Foul Ball, location: 2F
1-2: Fly out, F9 (Flyball, 9LM, EV 94.4 MPH)
Batting: LHB Pielgrzym Myslajek 0-0: Called Strike
0-1: Foul Ball, location: 2F
0-2: Foul Ball, location: 2F
0-2: Foul Ball, location: 2F
0-2: Strikes out swinging
Batting: RHB John Crosby 0-0: Foul Ball, location: 2F
0-1: Ball
1-1: Fly out, F9 (Flyball, 89D, EV 100.6 MPH)
Bottom of the 3rd over - 0 runs, 0 hits, 1 error, 0 left on base; Pontiac 0 - Grim 2
TOP OF THE 4TH
Pontiac Godfathers batting - Pitching for Grim Reapers : LHP Iban Wilson
Batting: RHB Nathan Bram 0-0: Ball
1-0: Ball
2-0: Foul Ball, location: 2F
2-1: Swinging Strike
2-2: Ball
3-2: SINGLE (Line Drive, 89M, EV 96.2 MPH)
Batting: RHB Mike O'Halloran 0-0: Fly out, F7 (Flyball, 78S, EV 79.4 MPH)
Batting: LHB Brad Dyer 0-0: Ball
1-0: Foul Ball, location: 2F
1-1: Ball
2-1: Fly out, F4 (Flyball, 34D, EV 86.2 MPH)
Batting: RHB John Williams 0-0: Ball
1-0: Fielders Choice at 2nd, 6-4 (Groundball, 56, EV 90.6 MPH)
Top of the 4th over - 0 runs, 1 hit, 0 errors, 1 left on base; Pontiac 0 - Grim 2
BOTTOM OF THE 4TH
Grim Reapers batting - Pitching for Pontiac Godfathers : RHP Laurent Schweitzer
Batting: RHB Getoff Mylawn 0-0: Called Strike
0-1: Foul Ball, location: 2F
0-2: Reached on error, E9 (Flyball, 9LM, EV 76.9 MPH)
Batting: LHB John Manley 0-0: Ball
1-0: Called Strike
1-1: Ball
2-1: Called Strike
2-2: Ball
3-2: Fly out, F4 (Popup, 34D, EV 71.2 MPH)
Batting: RHB Joe Holmes 0-0: Ball
1-0: Grounds into double play, 1-4-3 (Groundball, P, EV 86.2 MPH)
Bottom of the 4th over - 0 runs, 0 hits, 1 error, 0 left on base; Pontiac 0 - Grim 2
TOP OF THE 5TH
Pontiac Godfathers batting - Pitching for Grim Reapers : LHP Iban Wilson
Batting: RHB Bonifacio Marmolejo 0-0: Ball
1-0: Fly out, F4 (Popup, 4, EV 58.1 MPH)
Batting: LHB Nathaniel Gordon 0-0: Ball
1-0: SINGLE (Line Drive, 34D, EV 96.2 MPH)
Batting: LHB David Graham 0-0: Ball
1-0: Fly out, F4 (Popup, 4D, EV 48.1 MPH)
Batting: LHB Mike Scott 0-0: Foul Ball, location: 2F
0-1: Ball
1-1: Swinging Strike
1-2: Ball
2-2: Ball
3-2: Foul Ball, location: 2F
3-2: Ground out 4-3 (Groundball, 34, EV 88.1 MPH)
Top of the 5th over - 0 runs, 1 hit, 0 errors, 1 left on base; Pontiac 0 - Grim 2
BOTTOM OF THE 5TH
Grim Reapers batting - Pitching for Pontiac Godfathers : RHP Laurent Schweitzer
Batting: SHB Danny Warner 0-0: Ball
1-0: Ball
2-0: Called Strike
2-1: Foul Ball, location: 2F
2-2: Strikes out swinging
Batting: RHB Bao-tian Tong 0-0: Ground out 4-3 (Groundball, 4, EV 83.8 MPH)
Batting: RHB Ron Lott 0-0: Called Strike
0-1: Ball
1-1: Foul Ball, location: 2F
1-2: Ground out 4-3 (Groundball, 4, EV 108.8 MPH)
Bottom of the 5th over - 0 runs, 0 hits, 0 errors, 0 left on base; Pontiac 0 - Grim 2
TOP OF THE 6TH
Pontiac Godfathers batting - Pitching for Grim Reapers : LHP Iban Wilson
Batting: RHB Rich Pope 0-0: Ball
1-0: Ball
2-0: Called Strike
2-1: SINGLE (Line Drive, 89S, EV 106.2 MPH)
Batting: RHB Nathan Bram 0-0: Grounds into double play, 6-4-3 (Groundball, 6, EV 86.9 MPH)
Batting: RHB Mike O'Halloran 0-0: Ball
1-0: SINGLE (Groundball, 56D, EV 103.8 MPH)
Batting: LHB Brad Dyer 0-0: Foul Ball, location: 2F
0-1: Ball
1-1: Foul Ball, location: 2F
1-2: Foul Ball, location: 2F
1-2: Foul Ball, location: 2F
1-2: Foul Ball, location: 2F
1-2: Ball
2-2: Strikes out swinging
Top of the 6th over - 0 runs, 2 hits, 0 errors, 1 left on base; Pontiac 0 - Grim 2
BOTTOM OF THE 6TH
Grim Reapers batting - Pitching for Pontiac Godfathers : RHP Laurent Schweitzer
Batting: RHB Yataro Nagai 0-0: Ball
1-0: DOUBLE (Line Drive, 78XD, EV 106.9 MPH)
Batting: LHB Pielgrzym Myslajek 0-0: Ground out 4-3 (Groundball, 4, EV 82.5 MPH)
Yataro Nagai to third
Batting: RHB John Crosby 0-0: Ball
1-0: Ground out U3 (Groundball, 34S, EV 69.4 MPH)
Batting: RHB Getoff Mylawn 0-0: Called Strike
0-1: Ball
1-1: Ball
2-1: Swinging Strike
2-2: Strikes out swinging
Bottom of the 6th over - 0 runs, 1 hit, 0 errors, 1 left on base; Pontiac 0 - Grim 2
TOP OF THE 7TH
Pontiac Godfathers batting - Pitching for Grim Reapers : LHP Iban Wilson
Now at SS: Norihisa Kino
Batting: RHB John Williams 0-0: Swinging Strike
0-1: Ball
1-1: Swinging Strike
1-2: Reached on error, E3 (Popup, 3, EV 78.8 MPH)
Batting: RHB Bonifacio Marmolejo 0-0: DOUBLE (Flyball, 78D, EV 97.5 MPH)
John Williams to third
Batting: LHB Nathaniel Gordon 0-0: Ball
1-0: Ball
2-0: Ball
3-0: Called Strike
3-1: Ground out 3-1 (Groundball, 3S, EV 89.4 MPH)
John Williams scores
Bonifacio Marmolejo to third
Pitching: RHP Roberto Días
Batting: LHB David Graham 0-0: Ball
1-0: SINGLE (Line Drive, 6MD, EV 98.8 MPH)
Bonifacio Marmolejo scores
Batting: LHB Mike Scott 0-0: Ball
1-0: Called Strike
1-1: Foul Ball, location: 2F
1-2: Foul Ball, location: 2F
1-2: Ball
2-2: Ball
3-2: SINGLE (Flyball, 9S, EV 93.1 MPH)
David Graham to second
Throwing error, E9
David Graham scores
Mike Scott to second
Batting: RHB Rich Pope 0-0: Called Strike
0-1: Ball
1-1: DOUBLE (Flyball, 89D, EV 105.6 MPH)
Mike Scott scores
Batting: RHB Nathan Bram 0-0: Swinging Strike
0-1: Foul Ball, location: 2F
0-2: Ball
1-2: Strikes out swinging
Batting: RHB Mike O'Halloran 0-0: Called Strike
0-1: Ball
1-1: Called Strike
1-2: Fly out, F8 (Flyball, 8LS, EV 76.2 MPH)
Top of the 7th over - 4 runs, 4 hits, 2 errors, 1 left on base; Pontiac 4 - Grim 2
BOTTOM OF THE 7TH
Grim Reapers batting - Pitching for Pontiac Godfathers : RHP Laurent Schweitzer
Batting: LHB John Manley 0-0: Ground out 4-3 (Groundball, 4, EV 85.0 MPH)
Batting: RHB Joe Holmes 0-0: Ball
1-0: Ball
2-0: Ball
3-0: Called Strike
3-1: Base on Balls
Batting: SHB Danny Warner 0-0: Called Strike
0-1: Ball
1-1: Ball
2-1: Foul Ball, location: 2F
2-2: Foul Ball, location: 2F
2-2: Foul Ball, location: 2F
2-2: Foul Ball, location: 2F
2-2: Foul Ball, location: 2F
2-2: SINGLE (Line Drive, 89S, EV 96.2 MPH)
Joe Holmes to second
Runner from 2nd tries for 3rd, SAFE, no throw by CF
Pitching: RHP Darwin McGinnity
Pinch Hitting: LHB Mark Green 0-0: Ball
1-0: Called Strike
1-1: Swinging Strike
1-2: Ball
2-2: Foul Ball, location: 2F
2-2: Ball
3-2: Foul Ball, location: 2F
3-2: Foul Ball, location: 2F
3-2: 3-RUN HOME RUN (Flyball, 9D, EV 92.5 MPH), Distance : 366 ft
Batting: RHB Ron Lott 0-0: Called Strike
0-1: Foul Ball, location: 2F
0-2: Foul Ball, location: 2F
0-2: Ball
1-2: Ball
2-2: Foul Ball, location: 2F
2-2: Foul Ball, location: 2F
2-2: Ball
3-2: Foul Ball, location: 2F
3-2: Ground out 6-3 (Groundball, 6, EV 86.2 MPH)
Batting: RHB Yataro Nagai 0-0: Called Strike
0-1: Ball
1-1: Ball
2-1: Ball
3-1: Swinging Strike
3-2: Strikes out looking
Bottom of the 7th over - 3 runs, 2 hits, 0 errors, 0 left on base; Pontiac 4 - Grim 5
TOP OF THE 8TH
Pontiac Godfathers batting - Pitching for Grim Reapers : RHP Roberto Días
Now at 3B: Muralidhara Neena
Batting: LHB Brad Dyer 0-0: Called Strike
0-1: Ball
1-1: Ball
2-1: Foul Ball, location: 2F
2-2: Foul Ball, location: 2F
2-2: Ball
3-2: Foul Ball, location: 2F
3-2: DOUBLE (Flyball, 78XD, EV 95.0 MPH)
Batting: RHB John Williams 0-0: Foul Ball, location: 2F
0-1: Ball
1-1: Foul Ball, location: 2F
1-2: Foul Ball, location: 2F
1-2: Ball
2-2: Ball
3-2: Strikes out swinging
Pitching: RHP Domingo Galló
Batting: RHB Bonifacio Marmolejo 0-0: Ball
1-0: Ball
2-0: Fly out, F9 (Flyball, 9, EV 88.1 MPH)
Batting: LHB Nathaniel Gordon 0-0: Foul Ball, location: 2F
0-1: Ball
1-1: Ball
2-1: Foul Ball, location: 2F
2-2: Fly out, F4 (Popup, 4, EV 58.8 MPH)
Top of the 8th over - 0 runs, 1 hit, 0 errors, 1 left on base; Pontiac 4 - Grim 5
BOTTOM OF THE 8TH
Grim Reapers batting - Pitching for Pontiac Godfathers : RHP Darwin McGinnity
Batting: RHB Norihisa Kino 0-0: Swinging Strike
0-1: Swinging Strike
0-2: Ball
1-2: Ball
2-2: Foul Ball, location: 2F
2-2: Ball
3-2: Base on Balls
Pitching: LHP Phil Stephens
Batting: RHB John Crosby 0-0: Ball
1-0: Fly out, F9 (Flyball, 89M, EV 93.1 MPH)
Batting: RHB Getoff Mylawn 0-0: Ball
1-0: Foul Ball, location: 2F
1-1: Ball
2-1: Ball
3-1: 2-RUN HOME RUN (Flyball, 9D, EV 98.1 MPH), Distance : 364 ft
Batting: LHB John Manley 0-0: Ball
1-0: Called Strike
1-1: Foul Ball, location: 2F
1-2: Strikes out swinging
Batting: RHB Joe Holmes 0-0: Ball
1-0: Ball
2-0: Ball
3-0: Base on Balls
Batting: SHB Danny Warner 0-0: Ball
1-0: Ball
2-0: Ball
3-0: Foul Ball, location: 2F
3-1: Base on Balls
Joe Holmes to second
Batting: RHB Muralidhara Neena 0-0: Called Strike
0-1: Ball
1-1: Ball
2-1: Foul Ball, location: 2F
2-2: Foul Ball, location: 2F
2-2: Reached via error on a dropped throw from 1B, E1 (Groundball, 34, EV 84.4 MPH)
Joe Holmes to third
Danny Warner to second
Batting: RHB Ron Lott 0-0: Foul Ball, location: 2F
0-1: Foul Ball, location: 2F
0-2: Strikes out swinging
Bottom of the 8th over - 2 runs, 1 hit, 1 error, 3 left on base; Pontiac 4 - Grim 7
TOP OF THE 9TH
Pontiac Godfathers batting - Pitching for Grim Reapers : RHP Domingo Galló
Pitching: RHP Josse Gavicho
Batting: LHB David Graham 0-0: Ball
1-0: Ball
2-0: Swinging Strike
2-1: Foul Ball, location: 2F
2-2: Foul Ball, location: 2F
2-2: Foul Ball, location: 2F
2-2: Strikes out swinging
Batting: LHB Mike Scott 0-0: Fly out, F8 (Line Drive, 8RD, EV 91.9 MPH)
Batting: RHB Rich Pope 0-0: Ball
1-0: Foul Ball, location: 2F
1-1: Foul Ball, location: 2F
1-2: Ground out 6-3 (Groundball, 6, EV 80.0 MPH)
Top of the 9th over - 0 runs, 0 hits, 0 errors, 0 left on base; Pontiac 4 - Grim 7
Friday, March 26th, 2021 - OOTP Baseball 20.8 Build 74